[Event "*** Titled Tuesday Blitz"]
[Site "Chess.com"]
[Date "2020.12.01"]
[Round "5"]
[White "esskeettit"]
[Black "venus02"]
[Result "1-0"]
[WhiteElo "2453"]
[BlackElo "2487"]
[TimeControl "180+1"]
[EndTime "10:55:23 PST"]
[Termination "esskeettit won by resignation"]

1. d4 Nf6 2. c4 e6 3. Nc3 Bb4 4. e3 O-O 5. Bd3 d5 6. Ne2 b6 7.
cxd5 exd5 8. O-O Bb7 9. a3 Be7 10. Ng3 c5 11. Nf5 Nc6 12. Nxe7+ Qxe7 13. Bc2 a5 14. dxc5 bxc5 15. b3 d4 16. exd4 Nxd4 17. Bb2 Rad8 18. Qc1 Rfe8 19. Bd1 Qe5 20. Na4 Rc8 21. Bxd4 cxd4 22. Qd2 Ne4 23. Qd3 Nc3 24. Nxc3 Rxc3 25. Qd2 Ba6 26. Bf3 Bxf1 27. Rxf1 Qc5 28. h3 h6 29. Rd1 d3 30. Qf4 Rc2 31. Rxd3 Qxf2+ 32. Kh2 Qf1 33. Rd2 Rc1 34. Rd7 Qg1+ 35. Kg3 Qe1+ 36. Kh2 f6 37. b4 axb4 38. axb4 Qg1+ 39.
Kg3 Rf1 40. Qc4+ Kh8 41. Qf7 Rxf3+ 42. Kxf3 Qe3+ 43. Kg4 Re4+ 44. Kf5 Qg5+ 45. Kxe4 Qxg2+ 46. Kd4 Qd2+ 47. Kc5 Qc1+ 48. Kb5 Qf1+ 49. Qc4 Qf5+ 50.
Kc6 Qf3+ 51. Kc7 Qf4+ 52. Qxf4 1-0

[Event "*** Titled Tuesday Blitz"]
[Site "Chess.com"]
[Date "2020.12.01"]
[Round "5"]
[White "GelmanAlexander"]
[Black "theturtlemoves"]
[Result "1-0"]
[WhiteElo "2577"]
[BlackElo "2399"]
[TimeControl "180+1"]
[EndTime "10:55:24 PST"]
[Termination "GelmanAlexander won by checkmate"]

1. d4 d5 2. Nc3 Nf6 3. Bf4 c5 4. e3 cxd4 5. exd4 a6 6. Nf3 Bg4 7. h3 Bxf3 8. Qxf3 Nc6 9. O-O-O e6 10. g4 Rc8 11. g5 Nd7 12. h4 Nb6 13. h5 Na5 14. g6 hxg6 15. hxg6 Rxh1 16. gxf7+ Kd7 17. Qxh1 Rxc3 18. bxc3 Nbc4 19. Re1 Qb6 20. Bxc4 Nxc4 21. Qh3 Ba3+ 22. Kd1 Qb1+ 23. Ke2 Qxc2+ 24. Kf1 Qg6 25. Qh8 Qxf7 26. Qb8 Nd6 27. Bxd6 Bxd6 28. Qxb7+ Bc7 29. Qxa6 Qf5 30. Qb5+ Kd8 31. Re3 Bf4 32. Qa6 Qb1+ 33. Re1 Qh7 34. Qxe6 Qh1+ 35. Ke2 Qh5+ 36. Kd3 Qf3+ 37.
Kc2 Qxf2+ 38. Re2 Qf3 39. Qe8+ Kc7 40. Re7+ Kb6 41. Qd8+ Kc6 42. Qd7+ Kb6 43. Qb7+ Ka5 44. Qa7+ Kb5 45. Rb7+ Kc4 46. Qa6# 1-0

[Event "*** Titled Tuesday Blitz"]
[Site "Chess.com"]
[Date "2020.12.01"]
[Round "5"]
[White "Chessdreamer2020"]
[Black "Kislov_Oleg"]
[Result "1-0"]
[WhiteElo "2535"]
[BlackElo "2363"]
[TimeControl "180+1"]
[EndTime "10:55:25 PST"]
[Termination "Chessdreamer2020 won by resignation"]

1. e4 e6 2. d4 d5 3. Nd2 Nf6 4. e5 Nfd7 5. c3 c5 6. Bd3 Nc6 7. Ne2 cxd4 8. cxd4 f6 9. Nf4 Nxd4 10. Qh5+ Ke7 11.
exf6+ Nxf6 12. Ng6+ hxg6 13. Qxh8 Kf7 14. O-O e5 15.
Nb3 Nxb3 16. axb3 Bf5 17. Bxf5 gxf5 18. Bg5 Bc5 19. Qh4 Qh8 20. Bxf6 gxf6 21. Qa4 Ke6 22. Qb5 Bb6 23. Rad1 Rd8 24. Rd3 Qh4 25. Rg3 Rc8 26. Rd1 Rd8 27. Qe2 Rd7 28. Rh3 Qf4 29. Rf3 Qe4 30.
Qd2 Rc7 31. Rd3 Bd4 32. Kh1 Qh4 33. g3 Qe4+ 34. Kg1 Rg7 35. Re1 Bxf2+ 36. Kxf2 Qg4 37. Rf3 Qh3 38. Kg1 e4 39. Rf2 Kf7 40. Qf4 Rg4 41. Qxf5 Rxg3+ 42. hxg3 Qxg3+ 43. Kf1 e3 44. Qd7+ Kg6 45.
Qe8+ Kh6 46. Qh8+ Kg5 47. Qg8+ Kh4 48. Qxg3+ Kxg3 49. Rxf6 1-0

[Event "*** Titled Tuesday Blitz"]
[Site "Chess.com"]
[Date "2020.12.01"]
[Round "5"]
[White "Matibar"]
[Black "hansen"]
[Result "1-0"]
[WhiteElo "2757"]
[BlackElo "2909"]
[TimeControl "180+1"]
[EndTime "10:55:26 PST"]
[Termination "Matibar won on time"]

1. e4 c6 2. Nc3 d5 3. Nf3 dxe4 4. Nxe4 Nf6 5. Ng3 Bg4 6. h3 Bxf3 7. Qxf3 Nbd7 8. d4 e6 9. Bd3 Bd6 10. O-O Qc7 11. Bd2 O-O 12. Rae1 Rae8 13. c3 c5 14. dxc5 Ne5 15. Qe2 Nxd3 16. Qxd3 Bxc5 17. Qf3 Rd8 18.
Bf4 Bd6 19. Bxd6 Rxd6 20. Rd1 Rfd8 21. Rxd6 Rxd6 22. Rd1 Rxd1+ 23. Qxd1 b5 24. Qd4 e5 25. Qd3 a6 26. Nf5 g6 27. Ne3 Kg7 28. Kf1 h5 29. Ke1 Qc6 30. Kd1 Ne4 31. Ke2 Nc5 32. Qd5 Qc7 33. Kd1 Ne6 34. Kc2 Nd4+ 35. Kb1 Ne6 36. g3 Ng5 37. h4 Nh7 38. Kc2 Nf6 39. Qd3 Qc6 40. Qe2 Ne4 41. Nd1 f6 42. Qd3 Kf7 43.
a3 Nc5 44. Qe3 Ke6 45. f3 Qd5 46. g4 Qc4 47. gxh5 gxh5 48. Nf2 Qa4+ 49. Kb1 Qc4 50. Kc2 Nd7 51. Ne4 Ke7 52. Qd3 Qxd3+ 53. Kxd3 Ke6 54. Ng3 1-0

[Event "*** Titled Tuesday Blitz"]
[Site "Chess.com"]
[Date "2020.12.01"]
[Round "5"]
[White "Msb2"]
[Black "TimurGareyev"]
[Result "0-1"]
[WhiteElo "2828"]
[BlackElo "2644"]
[TimeControl "180+1"]
[EndTime "10:55:26 PST"]
[Termination "TimurGareyev won by checkmate"]

1. d4 Nf6 2. Nc3 d5 3. Bf4 Bf5 4. e3 e6 5. f3 Bb4 6. g4 Bg6 7. h4 h5 8. g5 Nfd7 9. Bd3 Bxc3+ 10. bxc3 Nc6 11. Ne2 Ne7 12. c4 c5 13. cxd5 Nxd5 14. Bxg6 fxg6 15. c4 Ne7 16. O-O O-O 17. Bd6 Rc8 18. Nf4 Nf5 19. Bxf8 Nxe3 20. Qe2 cxd4 21.
Ba3 Qa5 22. Bb2 e5 23. Nd5 Nxd5 24. cxd5 Qb6 25. Rfc1 Rf8 26. Rab1 d3+ 27. Qf2 Qd6 28. Qe3 d2 29. Rd1 Rf4 30. Rxd2 Rxh4 31. Ba3 Qa6 32. Qd3 Qa4 33. Rg2 e4 34. fxe4 Ne5 35. Qb3 Qxe4 36. Rf1 Nd3 37. d6+ Kh7 38. Bb2 Qe3+ 39.
Rff2 Qe1+ 40. Rf1 Qe3+ 41. Rff2 Qh3 42. Rh2 Rg4+ 43. Rhg2 Qe3 44. Qc2 Ne1 45. Rxg4 Nxc2 46. Rg2 Ne1 47. d7 Nf3+ 48. Kf1 Qe1# 0-1

[Event "*** Titled Tuesday Blitz"]
[Site "Chess.com"]
[Date "2020.12.01"]
[Round "5"]
[White "GMSrinath"]
[Black "Alomaterapia"]
[Result "1-0"]
[WhiteElo "2800"]
[BlackElo "2435"]
[TimeControl "180+1"]
[EndTime "10:55:26 PST"]
[Termination "GMSrinath won by checkmate"]

1. d4 d5 2. c4 c6 3. Nf3 Nf6 4.
e3 Bf5 5. b3 e6 6. Bb2 Nbd7 7. Bd3 Bb4+ 8. Kf1 Bg6 9. g3 O-O 10.
Kg2 Re8 11. a3 Bd6 12. Nc3 dxc4 13. bxc4 e5 14. Bxg6 hxg6 15. d5 Nc5 16. dxc6 bxc6 17. Qc2 Rb8 18. Rad1 Qe7 19. h4 Ne6 20. a4 Rb4 21.
Ba3 a5 22. Bxb4 axb4 23. Ne2 Rb8 24. Nc1 Nc5 25. Nd2 Qe6 26. a5 Bc7 27. Ncb3 Na4 28. Ra1 Nc3 29. a6 Bb6 30. c5 Ba7 31. Qd3 Nfd5 32.
Qc4 Rb5 33. h5 g5 34. h6 gxh6 35. Rh5 Nc7 36. Qxe6 Nxe6 37. Rxh6 Kg7 38. Rah1 Bxc5 39. Rh7+ Kf6 40. Nxc5 Nxc5 41. Ra1 Rb8 42. a7 Ra8 43. Rh6+ Ke7 44. Rxc6 Ne6 45. Rb6 Nd5 46. Rb8 Nec7 47. e4 Nc3 48. Nc4 N3b5 49. Rb7 Kd8 50. Nb6 b3 51.
Nxa8 b2 52. Rd1+ Kc8 53. Rb8# 1-0

[Event "*** Titled Tuesday Blitz"]
[Site "Chess.com"]
[Date "2020.12.01"]
[Round "5"]
[White "PowerThinking2650"]
[Black "azikom"]
[Result "0-1"]
[WhiteElo "2450"]
[BlackElo "2630"]
[TimeControl "180+1"]
[EndTime "10:55:27 PST"]
[Termination "azikom won by resignation"]

1. e4 c5 2. Nf3 e6 3. d4 cxd4 4.
Nxd4 a6 5. Nc3 b5 6. Bd3 Bb7 7.
O-O b4 8. Nce2 Nf6 9. Ng3 Nc6 10. Be3 Be7 11. f4 d6 12. Qf3 Nxd4 13. Bxd4 O-O 14. Rae1 a5 15. Nh5 Rc8 16. Re3 g6 17. Nxf6+ Bxf6 18. Bxf6 Qxf6 19. e5 Bxf3 20. exf6 Bd5 21. Ra1 Rc5 22. b3 h5 23. a3 Rb8 24. axb4 Rxb4 25. g3 Kh7 26. h4 Bc6 27. Rd1 d5 28. Ra1 Kg8 29. Re5 Kf8 30. Kf2 Ke8 31. Ke1 Kd7 32. Kd2 Kd6 33. Ra3 a4 34. bxa4 Rxa4 35. Rxa4 Bxa4 36.
Re1 Bb5 37. Ra1 Bxd3 38. cxd3 Rc7 39. Ra6+ Kd7 40. Ke3 Rb7 41. Kd4 Kd8 42. Ke5 Kd7 43. Ra5 Kc6 44. Ra6+ Kc5 45. Rxe6 fxe6 46. Kxe6 Kd4 47.
f7 Rb8 48. Kf6 Kxd3 49. Kxg6 Ke4 50. f5 d4 51. f6 d3 52. Kg7 Ke5 53. f8=Q Rxf8 54.
Kxf8 Kxf6 0-1

[Event "*** Titled Tuesday Blitz"]
[Site "Chess.com"]
[Date "2020.12.01"]
[Round "5"]
[White "kagg1125"]
[Black "StockholmMissile"]
[Result "1-0"]
[WhiteElo "2560"]
[BlackElo "2369"]
[TimeControl "180+1"]
[EndTime "10:55:27 PST"]
[Termination "kagg1125 won on time"]

1. e4 e5 2. Nf3 Nc6 3. Bb5 a6 4. Ba4 Nf6 5. O-O Be7 6. d3 b5 7.
Bb3 d6 8. a3 O-O 9. Nc3 h6 10. h3 Re8 11. Nd5 Be6 12. Bd2 Bf8 13. Qe2 g6 14. c4 Bg7 15. Rac1 bxc4 16. Bxc4 Bxd5 17. Bxd5 Nxd5 18. Rxc6 Ne7 19. Rc2 c5 20. b4 cxb4 21. axb4 Qb6 22. Rb1 Rec8 23. Be3 Qb5 24. Rc4 Rc6 25. Qa2 Rac8 26. Rbc1 Qb7 27. Nd2 d5 28.
Rxc6 Rxc6 29. Rxc6 Qxc6 30. Bc5 Bf8 31. Qb2 dxe4 32.
dxe4 f6 33. Qb3+ Kg7 34. Nc4 Qxe4 35. Nd6 Qd5 36. Ne8+ Kf7 37. Nd6+ Ke6 38. Qc2 Qc6 39. Qc4+ Qd5 40. Qxa6 Qd1+ 41. Kh2 Qd5 42. Ne8+ Kf7 43. Nxf6 Qe6 44. Qxe6+ Kxe6 45. Ne4 Bg7 46. Bxe7 Kxe7 47. f3 Ke6 48. Kg1 Bf8 49. b5 Kd5 50.
Kf1 Kc4 51. b6 1-0

[Event "*** Titled Tuesday Blitz"]
[Site "Chess.com"]
[Date "2020.12.01"]
[Round "5"]
[White "Shota_Azaladze"]
[Black "AryanTari"]
[Result "1-0"]
[WhiteElo "2647"]
[BlackElo "2901"]
[TimeControl "180+1"]
[EndTime "10:55:28 PST"]
[Termination "Shota_Azaladze won on time"]

1. Nf3 Nf6 2. g3 c5 3. Bg2 Nc6 4. O-O e5 5. c4 d5 6. cxd5 Nxd5 7. Nc3 Be6 8. d3 Be7 9. Nd2 O-O 10. Nc4 Qd7 11. Bd2 f6 12. a4 b6 13. Nxd5 Bxd5 14. Bc3 Rad8 15. Qb3 Kh8 16. a5 Bxg2 17. Kxg2 Qb7 18.
a6 Qc8 19. Qb5 Qe6 20. Rad1 f5 21. e3 f4 22. f3 fxe3 23. Nxe3 Rd7 24. Qc4 Qg6 25. Qe4 Rfd8 26. Qxg6 hxg6 27. Kf2 b5 28. Ng4 Bf6 29. Rfe1 Rd5 30. Ne3 Rxd3 31. Rxd3 Rxd3 32.
Ke2 Rd7 33. Rd1 Nd4+ 34. Bxd4 exd4 35. Ng4 c4 36. Nxf6 gxf6 37. b3 d3+ 38. Kd2 Rd6 39.
bxc4 bxc4 40. Kc3 Rc6 41. Rb1 Rxa6 42. Kxc4 Rd6 43. Kc3 Kg7 44. Kd2 Rd7 45. Rb3 Kf7 46. Rxd3 Rxd3+ 47. Kxd3 Ke6 48. h4 Ke5 49. Ke3 a5 50. g4 Kd5 51. f4 f5 52. g5 1-0

[Event "*** Titled Tuesday Blitz"]
[Site "Chess.com"]
[Date "2020.12.01"]
[Round "5"]
[White "LastHeroJr"]
[Black "esrosenberg"]
[Result "1-0"]
[WhiteElo "2390"]
[BlackElo "2215"]
[TimeControl "180+1"]
[EndTime "10:55:28 PST"]
[Termination "LastHeroJr won on time"]

1. e4 c6 2. Nf3 d5 3. d3 dxe4 4.
dxe4 Qxd1+ 5. Kxd1 Nf6 6. Nfd2 Ng4 7. Ke1 h5 8. Nc4 Nd7 9. Bf4 b5 10. Na5 e5 11. Bd2 Bc5 12. f3 Nf2 13. Rg1 Nxe4 14.
fxe4 Bxg1 15. Nxc6 a6 16. a4 Bb7 17. axb5 axb5 18.
Rxa8+ Bxa8 19. Bxb5 Bxc6 20. Bxc6 Bxh2 21. b4 Ke7 22. b5 Bg1 23. Nc3 Nb6 24. Ke2 Rd8 25.
Nd5+ Nxd5 26. exd5 Kd6 27. Kd3 Kc5 28. Bc1 f5 29. Ba3+ Kb6 30. Be7 e4+ 31. Ke2 Rc8 32. d6 f4 33. d7 Rb8 34. d8=Q+ Rxd8 35. Bxd8+ Kc5 36. Bxe4 Kxb5 37. Bg6 h4 38. Bxh4 Kc4 39. Be7 Kd5 40. Bf8 Bd4 41. Kf3 Be5 42. Bb4 Ke6 43.
Bd2 Kf6 44. Be4 Kg5 45. g3 Kf6 46. Bxf4 Bd4 47. Be3 Be5 48. Bb6 g5 49. Bd8+ Kf7 50. Bxg5 Bd6 51. Bf4 Bc5 52. c4 Kg8 53. Bd5+ 1-0

[Event "*** Titled Tuesday Blitz"]
[Site "Chess.com"]
[Date "2020.12.01"]
[Round "5"]
[White "chess94cu"]
[Black "Vincent_Vega95"]
[Result "0-1"]
[WhiteElo "2560"]
[BlackElo "2765"]
[TimeControl "180+1"]
[EndTime "10:55:30 PST"]
[Termination "Vincent_Vega95 won on time"]

1. d4 Nf6 2. c4 g6 3. Nc3 Bg7 4. e4 O-O 5. Be2 d6 6. Bg5 h6 7. Be3 c5 8. d5 e6 9. Qd2 exd5 10. exd5 h5 11. h3 b5 12. cxb5 a6 13. Nf3 axb5 14.
Bxb5 Ba6 15. Bxa6 Nxa6 16. O-O Qa5 17. Bf4 Rfd8 18. a3 Nc7 19. Rad1 Rab8 20. Bg5 Rd7 21. Bxf6 Bxf6 22. Ne4 Qxd2 23. Nxf6+ Kg7 24. Nxh5+ gxh5 25. Rxd2 Re7 26. Re1 Rxe1+ 27. Nxe1 Kf6 28. Nd3 Kf5 29.
f3 h4 30. Kh2 Rb5 31. Kg1 Nxd5 32. Nf2 Ke6 33. Ne4 Rb7 34. Kf2 f5 35. Ng5+ Ke5 36.
Re2+ Kd4 37. Ne6+ Kc4 38. Rd2 Re7 39. Ng5 Rb7 40. Ne6 Rb6 41. g3 hxg3+ 42. Kxg3 Ne7 43. Nf4 d5 44. Rc2+ Kb5 45. h4 d4 46. h5 c4 47. Re2 Ng8 48. Re5+ Ka4 49. Rxf5 d3 50.
Rc5 Kb3 0-1

[Event "*** Titled Tuesday Blitz"]
[Site "Chess.com"]
[Date "2020.12.01"]
[Round "5"]
[White "Tpros"]
[Black "diamonds13"]
[Result "1-0"]
[WhiteElo "2508"]
[BlackElo "2336"]
[TimeControl "180+1"]
[EndTime "10:55:30 PST"]
[Termination "Tpros won by checkmate"]

1. c4 e5 2. d3 Nc6 3. a3 a5 4. Nf3 g6 5. g3 Bg7 6. Bg2 d6 7. Nc3 Nge7 8. O-O O-O 9. Rb1 Be6 10.
b4 axb4 11. axb4 Qd7 12. Ng5 Bf5 13. b5 Nd8 14. Nge4 f6 15. Re1 Bh3 16. Bh1 h6 17. f4 f5 18. Nf2 e4 19. d4 Bg4 20. Nxg4 fxg4 21. Nxe4 Nf5 22. e3 Re8 23. Nf2 h5 24.
Bd5+ Kh7 25. Qd3 c6 26. bxc6 bxc6 27. Bg2 Ra2 28. Qb3 Ra7 29. Bd2 Qe7 30. Ne4 Nf7 31.
Kf2 Rea8 32. Nc3 Ra3 33. Qc2 Qe8 34. Rb3 Ra1 35. Rxa1 Rxa1 36. Rb1 Ra6 37. Rb7 Nd8 38. Rb8 Qe7 39. Be4 Qc7 40. Qb1 Kg8 41. Kg2 Ne7 42.
Rb3 Kf7 43. Rb2 Ra7 44. Ra2 Ne6 45. Rxa7 Qxa7 46. Qa2 c5 47. Qxa7 Ke8 48. Nd5 Nxd5 49. Bxd5 Nd8 50. Qxg7 cxd4 51. Qxg6+ Kd7 52. Qf5+ Kc7 53.
exd4 Kb6 54. Qd7 Nb7 55. Qxb7# 1-0

[Event "*** Titled Tuesday Blitz"]
[Site "Chess.com"]
[Date "2020.12.01"]
[Round "5"]
[White "Vandros57"]
[Black "Bodnar_Mykola"]
[Result "0-1"]
[WhiteElo "2156"]
[BlackElo "2377"]
[TimeControl "180+1"]
[EndTime "10:55:30 PST"]
[Termination "Bodnar_Mykola won on time"]

1. d4 Nf6 2. Nf3 g6 3. c4 Bg7 4. Nc3 O-O 5. e4 d6 6. Be2 e5 7. dxe5 dxe5 8. Qxd8 Rxd8 9. Bg5 Re8 10. Nd5 Nxd5 11. cxd5 c6 12. Bc4 cxd5 13. Bxd5 Nc6 14. h3 Be6 15. O-O-O Nd4 16. Nxd4 exd4 17. Bxe6 Rxe6 18.
f3 Rb6 19. Rd3 a5 20. Kb1 a4 21. a3 Rc6 22. Rc1 Rac8 23. Bd2 Kf8 24. Bb4+ Ke8 25. Rdd1 Be5 26. Rxc6 bxc6 27. Kc2 c5 28. Bd2 c4 29. f4 d3+ 30. Kb1 Bd4 31. Rc1 Kd7 32. g4 f6 33. Rf1 Rb8 34. Bb4 c3 35. bxc3 Bxc3 36. Rf3 Bxb4 37. axb4 Rxb4+ 38. Kc1 Rd4 39. Kd2 Kc6 40.
Rxd3 Rxd3+ 41. Kxd3 Kc5 42. Kc3 a3 43. Kb3 Kd4 44. e5 fxe5 45. f5 gxf5 46. gxf5 Kd5 47. Kxa3 e4 48. Kb3 Ke5 49. f6 Kxf6 50. Kc3 Ke5 51. Kd2 Kd4 52. Ke2 e3 53. h4 Ke4 54.
h5 h6 55. Ke1 Kf3 56. Kf1 Kg3 57. Ke2 Kf4 58. Ke1 Ke4 59. Ke2 Kd4 60. Ke1 Ke5 61. Kf1 Ke4 62. Ke2 Kf4 63. Ke1 Kf3 64. Kf1 Kg4 65. Ke1 Kxh5 66. Ke2 Kg4 67. Kxe3 Kg3 68. Ke2 Kg2 0-1

[Event "*** Titled Tuesday Blitz"]
[Site "Chess.com"]
[Date "2020.12.01"]
[Round "5"]
[White "frederiksvane"]
[Black "GukeshDommaraju"]
[Result "0-1"]
[WhiteElo "2716"]
[BlackElo "2891"]
[TimeControl "180+1"]
[EndTime "10:55:31 PST"]
[Termination "GukeshDommaraju won on time"]

1. e4 c6 2. d4 d5 3. exd5 cxd5 4. Bd3 Nf6 5. c3 Bg4 6. Qb3 Qc7 7. h3 Bh5 8. Ne2 Bxe2 9. Bxe2 Nc6 10. O-O e6 11. Na3 a6 12. Nc2 Bd6 13. Ne1 O-O 14. Nd3 Ne4 15. Bf3 f5 16. Be3 Na5 17. Qc2 Nc4 18.
Bc1 Rac8 19. Re1 b5 20. a4 Qb6 21. b4 e5 22. Nc5 exd4 23. cxd4 Rfe8 24. Be3 Re7 25.
Qd3 Rce8 26. axb5 axb5 27. Bxe4 dxe4 28. Qb3 f4 29. Bc1 Kh8 30. Qc2 Bxc5 31. dxc5 Qf6 32. Ra2 f3 33. g3 Qf5 34. Kh2 Re5 35. Bf4 R5e6 36. Be3 g5 37. g4 Qe5+ 38. Kg1 Rh6 39. Bd2 Kg8 40. Bc3 Qf4 41. Qc1 Qxc1 42. Rxc1 Rxh3 43.
Re1 h5 44. Ra6 hxg4 0-1

[Event "*** Titled Tuesday Blitz"]
[Site "Chess.com"]
[Date "2020.12.01"]
[Round "5"]
[White "daro94"]
[Black "Jospem"]
[Result "1-0"]
[WhiteElo "2861"]
[BlackElo "2961"]
[TimeControl "180+1"]
[EndTime "10:55:33 PST"]
[Termination "daro94 won on time"]

1. d4 Nf6 2. Nf3 e6 3. c4 Bb4+ 4. Nc3 b6 5. e3 Bb7 6. Bd3 O-O 7. O-O d6 8. Bd2 Nbd7 9. Rc1 a5 10. a3 Bxc3 11.
Bxc3 Ne4 12. Be1 f5 13. Nd2 Ng5 14. f4 Nf7 15. e4 Qf6 16. Bf2 Qg6 17. d5 Nh6 18. Qe2 Rae8 19. Rce1 Nf6 20. Qf3 Qf7 21. exf5 exd5 22. cxd5 Bxd5 23. Qh3 Nfg4 24. Bd4 c5 25. Bc3 b5 26. Bxb5 Rxe1 27. Rxe1 Qxf5 28. Qd3 Qh5 29.
Qxd5+ Qxd5 30. Bc4 Qxc4 31. Nxc4 Rxf4 32. Nxd6 Rf8 33. Re7 Nf6 34. Bxa5 Nd5 35. Rd7 Nf6 36. Rb7 Nhg4 37. Bc3 Ne3 38. h3 h5 39. a4 h4 40.
a5 Nh5 41. Ne4 Rf1+ 42. Kh2 Nf5 43. Be5 Re1 44. Ng5 Kf8 45. Rf7+ Ke8 46. Rxf5 g6 47.
Rf6 Nxf6 48. Bxf6 Ra1 49. Bc3 Kd7 50. Nf3 Kc6 51. Nxh4 g5 52. Nf3 1-0

[Event "*** Titled Tuesday Blitz"]
[Site "Chess.com"]
[Date "2020.12.01"]
[Round "5"]
[White "SergeiAza"]
[Black "Sebastian"]
[Result "0-1"]
[WhiteElo "2832"]
[BlackElo "2956"]
[TimeControl "180+1"]
[EndTime "10:55:33 PST"]
[Termination "Sebastian won on time"]

1. e4 c5 2. Nf3 d6 3. d4 cxd4 4. Nxd4 Nf6 5. Nc3 a6 6. Bg5 Nbd7 7. f4 Qc7 8. Be2 e6 9. O-O Be7 10. Kh1 O-O 11. Bf3 h6 12. Bh4 Rb8 13. Qe2 Re8 14. Bg3 e5 15. Nf5 exf4 16. Bxf4 Ne5 17. Nxe7+ Rxe7 18. Qf2 Bd7 19. Rad1 Rbe8 20. Qg3 Kh8 21. Be2 Re6 22.
h3 b5 23. a3 Qb7 24. Bf3 Nxf3 25. Qxf3 Bc6 26. Rxd6 Nxe4 27. Rxe6 Rxe6 28. Nxe4 Bxe4 29. Qf2 Rg6 30. Bg3 Qc6 31. Kh2 Rf6 32. Qe2 Rxf1 33. Qxf1 Qxc2 34. Qf2 Qc4 35. Be5 f6 36. Bc3 Kh7 37.
Qf4 Qd5 38. Qg3 Qe6 39. h4 h5 40. Qf4 Qd5 41. Qg3 Qf5 42. Qe3 Bc6 43. Qg3 Qe4 44.
Qf2 Qg4 45. Qg3 Qe2 46. Kg1 Qe4 47. Qf2 Qd5 48. Kh2 Qc4 49. Qg3 Qe6 50. Qf2 Be4 51.
Qg3 Qd5 0-1

[Event "*** Titled Tuesday Blitz"]
[Site "Chess.com"]
[Date "2020.12.01"]
[Round "5"]
[White "sergiochess83"]
[Black "Yashasd1995"]
[Result "0-1"]
[WhiteElo "2785"]
[BlackElo "2608"]
[TimeControl "180+1"]
[EndTime "10:55:33 PST"]
[Termination "Yashasd1995 won on time"]

1. e4 d5 2. exd5 Nf6 3. Bb5+ Bd7 4. Be2 Nxd5 5. d4 g6 6. Nf3 Bg7 7. O-O O-O 8. c4 Nb6 9. Nc3 Bg4 10. h3 Bxf3 11.
Bxf3 Nc6 12. c5 Nd7 13. Be3 e5 14. Bxc6 bxc6 15. d5 cxd5 16. Qxd5 Nf6 17. Qc6 Qb8 18.
b3 Qb4 19. Rac1 Nh5 20. Nd5 Qa5 21. Rc2 f5 22. Qxc7 Qa6 23. Qd6 Qa5 24. Bd2 Qd8 25. Nc7 Rc8 26. Qxd8 Rfxd8 27. Ne6 Rd5 28. Nxg7 Nxg7 29.
b4 Ne6 30. Bc3 e4 31. Rd2 Nf4 32. Rxd5 Nxd5 33. Bd2 a5 34. a3 axb4 35. axb4 Rb8 36. Rb1 Rc8 37. Rc1 Kf7 38. b5 Ke6 39. c6 Kd6 40.
Ra1 Rb8 41. Ra5 Kc7 42. Be3 Nxe3 43. fxe3 Kb6 44. Ra1 Rc8 45. Rb1 Rd8 46. g4 Rd3 47.
Rc1 Rd8 48. gxf5 gxf5 49. Rb1 Rd2 50. Kf1 Rh2 51. Kg1 Rxh3 52. Rc1 Rg3+ 0-1

[Event "*** Titled Tuesday Blitz"]
[Site "Chess.com"]
[Date "2020.12.01"]
[Round "5"]
[White "Susal_De_Silva"]
[Black "Ajedrez_con_German"]
[Result "1-0"]
[WhiteElo "2651"]
[BlackElo "2471"]
[TimeControl "180+1"]
[EndTime "10:55:33 PST"]
[Termination "Susal_De_Silva won on time"]

1. e4 e5 2. Nf3 Nc6 3. Bb5 a6 4. Ba4 d6 5. O-O Bd7 6. d4 exd4 7. c3 d3 8. Bb3 Be7 9. Qxd3 Nf6 10. Bg5 O-O 11.
Nbd2 Ng4 12. Bxe7 Qxe7 13. h3 Nge5 14. Nxe5 Nxe5 15. Qg3 Kh8 16. f4 Ng6 17. f5 Ne5 18. f6 gxf6 19. Qh4 Be6 20. Rxf6 Bxb3 21. axb3 Nd7 22.
Rf4 Qxh4 23. Rxh4 Rae8 24. Rf1 Re6 25. Rhf4 f6 26. Nf3 Rfe8 27. Nd2 Kg7 28. Rg4+ Kh8 29. b4 b6 30. Rh4 a5 31. bxa5 bxa5 32. Rff4 Ne5 33.
Rh6 Ng6 34. Rf5 Kg7 35. Rhh5 Re5 36. Nf3 Rxf5 37. Rxf5 Ne5 38. Nd4 c5 39. Nb5 Rd8 40.
Nc7 Rd7 41. Nd5 Rf7 42. Rf1 Nc4 43. b3 Nd2 44. Ra1 Nxb3 45. Ra3 Nd2 46. Rxa5 Nxe4 47.
Ra6 f5 48. c4 Nf6 49. Nf4 Rd7 50. Kh2 Kf7 51. Ra8 d5 52. Ra5 d4 53. Nd3 Ne4 54. Ne5+ Ke6 55. Nxd7 Kxd7 56. Ra3 Nd2 57. Ra4 Kd6 58.
Kg3 Ke5 59. Kf2 Ke4 60. Ke2 Nb3 61. Ra8 d3+ 62. Kd1 Kd4 63. Rf8 Kxc4 64. Rxf5 1-0

[Event "*** Titled Tuesday Blitz"]
[Site "Chess.com"]
[Date "2020.12.01"]
[Round "5"]
[White "Volodar_Murzin"]
[Black "snowlord"]
[Result "0-1"]
[WhiteElo "2593"]
[BlackElo "2812"]
[TimeControl "180+1"]
[EndTime "10:55:34 PST"]
[Termination "snowlord won on time"]

1. e4 c5 2. Nf3 d6 3. d4 cxd4 4. Nxd4 Nf6 5. Nc3 a6 6. Be3 e5 7.
Nb3 Be6 8. f3 Nbd7 9. Qd2 b5 10.
g4 Be7 11. g5 b4 12. gxf6 bxc3 13. Qxc3 Nxf6 14. O-O-O O-O 15. Na5 Qe8 16. Nc6 Rc8 17. Nxe7+ Qxe7 18. Qa5 Rc6 19. b3 Rfc8 20. c4 Nh5 21. Rg1 Qf6 22. Be2 Nf4 23. Bf1 Ng6 24. Rg3 h6 25. Kb1 Nf4 26. Rg1 Kh7 27. Rd2 g6 28. Qa3 Nh5 29. Be2 Nf4 30. Bd1 Qh4 31.
Ka1 Nh3 32. Rh1 Nf4 33. Rxd6 Qh3 34. Rxc6 Rxc6 35. Qb2 Nd3 36. Qd2 Rd6 37. Be2 Qg2 38. Rd1 Nb4 39. Qxb4 Qxe2 40. Qxd6 Qxe3 41. Qd3 Qf2 42.
Rd2 Qg1+ 43. Kb2 h5 44. Qc3 Qc5 45. a3 a5 46. b4 axb4 47. axb4 Qa7 48. Kb3 Qa6 49. Ra2 Qc6 50. Qd3 Qb6 51. Ra5 Qg1 52. Rxe5 Qxh2 53. Ra5 Qh1 54. Ra6 h4 55. b5 h3 56. Ra2 h2 57. b6 Qg1 58. Rxh2+ Qxh2 59. Kb4 Qb2+ 60. Kc5 Qe5+ 61. Kc6 Qb8 62. c5 Qc8+ 63.
Kb5 Bd7+ 64. Kb4 Qc6 65. Qd5 Qb5+ 66. Kc3 Be6 67. Qd6 Qb3+ 68. Kd4 Qxf3 69. c6 Qf2+ 70.
Ke5 Qxb6 71. Qf8 Qxc6 72. Kf6 Qc3+ 73. Kg5 Qe5+ 0-1

[Event "*** Titled Tuesday Blitz"]
[Site "Chess.com"]
[Date "2020.12.01"]
[Round "5"]
[White "barriochess"]
[Black "nonsopolo1"]
[Result "1-0"]
[WhiteElo "2396"]
[BlackElo "2197"]
[TimeControl "180+1"]
[EndTime "10:55:34 PST"]
[Termination "barriochess won on time"]

1. d4 Nf6 2. c4 g6 3. Nc3 Bg7 4. e4 d6 5. f4 O-O 6. Nf3 c5 7. d5 e6 8. Be2 exd5 9. cxd5 Bg4 10. O-O Nbd7 11. h3 Bxf3 12. Bxf3 a6 13. g4 h6 14. Qc2 b5 15. Be3 Re8 16. Rae1 Rb8 17.
Qg2 b4 18. Nb1 Qe7 19. Bf2 a5 20. Nd2 Nh7 21. Nc4 Bxb2 22. Nxb2 Qf6 23. Nc4 Nb6 24. e5 Qxf4 25. Re4 Qg5 26. Nxb6 Rxb6 27. exd6 Rxe4 28.
Bxe4 Rxd6 29. Bxc5 Rf6 30. Rxf6 Nxf6 31. Bb6 Qc1+ 32.
Qf1 Qxf1+ 33. Kxf1 Nxe4 34. Bxa5 Kf8 35. Bxb4+ Ke8 36. Ke2 Kd7 37. Ke3 Nf6 38. Kd4 Ne8 39. a4 Nc7 40. Bf8 h5 41. gxh5 gxh5 42. a5 Na6 43.
Kc4 Nc7 44. Kc5 f5 45. Bh6 Na6+ 46. Kb6 Nc7 47. a6 Nxa6 48. Kxa6 Kd6 49. h4 Kxd5 50. Kb5 1-0

[Event "*** Titled Tuesday Blitz"]
[Site "Chess.com"]
[Date "2020.12.01"]
[Round "5"]
[White "paulrusan"]
[Black "Angel_Hranitel_37"]
[Result "1-0"]
[WhiteElo "2265"]
[BlackElo "2457"]
[TimeControl "180+1"]
[EndTime "10:55:35 PST"]
[Termination "paulrusan won on time"]

1. e4 c5 2. b4 cxb4 3. Bb2 Nc6 4. d4 d5 5. exd5 Qxd5 6. c4 bxc3 7. Nxc3 Qa5 8. d5 Nb8 9. Nf3 e6 10. Bb5+ Bd7 11.
Bxd7+ Nxd7 12. dxe6 fxe6 13. O-O Ngf6 14. Qe2 e5 15.
Rfe1 Bb4 16. Nxe5 Nxe5 17. Qxe5+ Qxe5 18. Rxe5+ Kf7 19. Rb5 Be7 20. Rxb7 Rab8 21. Rxb8 Rxb8 22. Rb1 Rb6 23. Ba1 Rc6 24. Kf1 a5 25. Rb7 Kf8 26.
Ke2 Bb4 27. Kd3 Ng4 28. Ne4 Rg6 29. h3 Nh2 30. g4 Nf3 31. a4 Nh4 32. f4 Rc6 33.
Bxg7+ Ke8 34. Nf6+ Kd8 35. Nxh7 Ng2 36. f5 Nf4+ 37.
Ke4 Rc4+ 38. Kf3 Nxh3 39. Be5 Ng1+ 40. Kg2 Rxg4+ 41. Kh2 Nf3+ 42. Kh3 Nxe5 43. Rb5 Rg7 44. Nf6 Nc6 45. Nd5 Na7 46. Rb8+ Nc8 47. f6 Rd7 48. Nb6 Rc7 49. Kg4 Bc5 50. Nxc8 Rxc8 51. Rb5 1-0